AoeStats
← LM | TornardoBriese

Arabia

507548945Analyzed
1v1 RM · 14d ago on Sep 18, 2026· 37m 49s· 2 players
Game mode
Random Map
Map size
Tiny (2 player)
Population
200
Speed
Normal
Resources
Standard
Victory
Conquest
Starting age
Dark Age
Ending age
Imperial Age
RankedLock teamsTeams togetherTeam positionsShared explorationLock speedFull tech treeHidden civsTurbo modeCheats
Victory
Defeat
🇹🇷 Tatars · Türkiye
1187
+14
🇨🇭 Britons · Switzerland
1135
-14
miner
7:40 Loom
9:36 Feudal Age
10:23 Double-Bit Axe
11:19 Horse Collar
11:17 Man-at-Arms
20:16 Castle Age
19:13 Bloodlines
20:12 Scale Barding Armor
20:41 Gold Mining
21:25 Husbandry
21:39 Forging
24:11 Wheelbarrow
28:15 Light Cavalry
33:06 Imperial Age
30:22 Town Watch
30:53 Hand Cart
31:28 Stone Mining
32:20 Chain Barding Armor
32:38 Heavy Plow
33:12 Cavalier
34:30 Plate Barding Armor
37:10 Capped Ram
37:38 Hussar
37:47 Long Swordsman
38:28 Squires
LM | TornardoBriese
6:18 Loom
8:53 Feudal Age
9:47 Man-at-Arms
15:20 Double-Bit Axe
16:58 Horse Collar
19:54 Wheelbarrow
23:36 Castle Age
21:55 Gold Mining
22:25 Stone Mining
24:35 Scale Mail Armor
24:17 Pikeman
25:09 Forging
25:36 Chain Mail Armor
26:52 Iron Casting
27:17 Bow Saw
29:15 Fletching
29:26 Padded Archer Armor
30:14 Bodkin Arrow
30:35 Leather Archer Armor
33:20 Heavy Plow
33:38 Hand Cart
33:33 Squires
33:31 Town Watch
37:28 Imperial Age
35:52 Ballistics
Connection lost

Rejoining the realm…

Still unreachable

The connection could not be restored.

Session expired

The server has moved on; the page needs a fresh start.